Map: Thunderbird LE

Players

Clem

  • Race: Terran Terran
  • Spawn Location: 5:00

Harstem - Winner!

  • Race: Protoss Protoss
  • Spawn Location: 11:00

VOD

Have the link to the VOD?

Description

Time

  • Played on: Sept. 7, 2019, 1:20 p.m.
  • Length: 20:07
Show
View Real Time Build Order
Export as new Build Order

Clem Terran 

Build Orders:  

Get SALT Encoding   

  12  0:00  SCV  
  13  0:13  SCV  
  14  0:17  Supply Depot  
  14  0:25  SCV  
  15  0:38  SCV  
  15  0:40  Barracks  
  16  0:43  Refinery  
  16  0:51  SCV  
  17  1:03  SCV  
  18  1:15  SCV  
  19  1:28  Orbital Command, Marine  
  20  1:41  Command Center  
  20  1:52  Factory  
  20  1:55  SCV  
  21  2:02  Barracks Reactor  
  21  2:08  SCV  
  22  2:10  Supply Depot  
  22  2:20  SCV  
  22  2:21  Refinery  
  23  2:32  SCV  
  24  2:39  Marine x2  
  24  2:40  Starport  
  26  2:44  SCV  
  26  2:48  Widow Mine  
  29  2:52  Orbital Command  
  29  2:56  SCV  
  29  2:58  Marine x2  
  32  3:09  Widow Mine, SCV  
  32  3:12  Supply Depot  
  35  3:16  Medivac  
  35  3:18  SCV  
  38  3:21  SCV  
  38  3:25  Marine x2  
  41  3:31  Widow Mine, SCV  
  41  3:33  SCV  
  45  3:38  Barracks  
  45  3:42  Supply Depot  
  45  3:45  SCV  
  45  3:46  SCV  
  45  3:47  Marine x2  
  49  3:54  Starport Tech Lab  
  49  3:55  Factory Tech Lab  
  49  3:58  SCV  
  47  4:03  SCV  
  47  4:04  Marine  
  47  4:07  Engineering Bay  
  47  4:08  Marine  
  50  4:11  SCV  
  50  4:15  Cyclone  
  54  4:18  SCV  
  54  4:22  Marine  
  54  4:23  SCV  
  56  4:29  Marine  
  56  4:30  SCV  
  58  4:35  Supply Depot, SCV  
  55  4:40  Stimpack  
  55  4:41  Marine  
  55  4:42  SCV  
  57  4:47  SCV  
  58  4:54  SCV  
  58  4:56  Terran Infantry Weapons Level 1  
  58  4:58  Starport Reactor  
  58  4:59  SCV  
  60  5:00  Refinery  
  60  5:06  SCV  
  57  5:10  Missile Turret  
  57  5:12  Missile Turret  
  57  5:13  SCV  
  56  5:14  Marine x2  
  56  5:17  Marine  
  59  5:22  Barracks  
  59  5:23  Factory Reactor  
  59  5:25  SCV  
  60  5:30  Supply Depot, SCV  
  60  5:34  Marine x2  
  63  5:39  SCV  
  63  5:40  Marauder  
  63  5:41  Medivac x2  
  70  5:47  Supply Depot  
  70  5:53  SCV  
  70  5:54  Supply Depot, Marine  
  70  5:55  Marine  
  73  5:57  SCV  
  73  6:01  Marauder  
  73  6:03  Refinery  
  73  6:04  Widow Mine  
  78  6:08  SCV  
  78  6:09  Widow Mine  
  78  6:10  SCV  
  78  6:11  Supply Depot, Medivac  
  84  6:14  Marine x2  
  84  6:16  Combat Shield  
  86  6:20  Marauder, Concussive Shells  
  86  6:23  Marauder  
  86  6:24  Medivac  
  92  6:27  SCV x2  
  92  6:32  Marine x2  
  94  6:39  Widow Mine x2  
  100  6:41  Marauder  
  95  6:54  Marine  
  95  6:55  Marauder  
  95  6:57  SCV x2  
  95  7:00  Widow Mine x2  
  102  7:02  Marauder  
  102  7:07  Command Center  
  102  7:08  Marine  
  97  7:12  Medivac  
  97  7:13  Medivac  
  97  7:15  Marine  
  101  7:21  Supply Depot  
  102  7:26  Widow Mine x2  
  102  7:27  Liberator  
  102  7:28  Marine  
  102  7:31  Liberator  
  102  7:36  Marauder  
  101  7:39  Marauder, Barracks, Marine  
  101  7:40  Barracks  
  98  7:52  Widow Mine  
  98  7:53  Widow Mine  
  98  7:54  Marine  
  98  7:58  Marauder, Supply Depot  
  105  8:00  Marauder, SCV x2  
  105  8:01  Marine  
  110  8:19  Marauder, SCV x2, Marine x2  
  118  8:20  Widow Mine  
  118  8:23  Marauder  
  114  8:27  Medivac, Terran Infantry Armor Level 1  
  114  8:31  Medivac, Orbital Command, SCV  
  114  8:33  SCV  
  120  8:36  Marine  
  120  8:38  Barracks Tech Lab, Barracks Reactor  
  119  8:42  Marine  
  119  8:45  Widow Mine x2, Liberator  
  119  8:46  Marauder  
  126  8:49  SCV x2  
  126  8:54  Marine  
  129  8:55  Supply Depot  
  129  8:56  Supply Depot  
  129  8:58  Marauder  
  129  8:59  Marauder  
  129  9:00  Marine  
  133  9:04  Orbital Command  
  133  9:05  Liberator  
  133  9:06  SCV  
  133  9:07  Marauder  
  126  9:12  Widow Mine x2  
  126  9:16  Marine x2  
  118  9:18  SCV  
  118  9:19  SCV  
  118  9:20  Marauder x2  
  118  9:24  Marine x2  
  118  9:27  Refinery  
  118  9:29  Refinery  
  118  9:30  SCV  
  118  9:32  SCV  
  118  9:38  Starport  
  119  9:40  SCV  
  119  9:41  Armory  
  120  9:45  SCV  
  120  9:46  Engineering Bay, SCV  
  120  9:50  Viking  
  120  9:52  Marauder x3  
  130  9:53  Marine  
  130  9:54  Marine  
  130  9:55  Marine x2  
  130  10:11  Command Center, Marine  
  130  10:12  Viking, Marine  
  130  10:13  Marauder  
  134  10:16  Marine  
  134  10:17  Viking, Marine  
  138  10:24  Viking  
  138  10:25  Marine x2  
  141  10:32  Marine x2  
  141  10:33  SCV  
  141  10:35  Marauder  
  143  10:38  Viking  
  139  10:43  Marauder x2  
  139  10:44  Viking  
  139  10:47  Viking  
  137  10:50  Marine x2  
  137  10:56  Marauder, SCV  
  141  11:01  Ghost Academy  
  141  11:02  Supply Depot  
  141  11:03  Medivac  
  141  11:05  Marauder  
  141  11:08  Viking  
  141  11:09  Terran Infantry Armor Level 2  
  145  11:12  Marine x3  
  145  11:13  Marine  
  149  11:18  Terran Infantry Weapons Level 2  
  149  11:24  Planetary Fortress  
  149  11:26  Supply Depot  
  149  11:27  Supply Depot, SCV x2  
  149  11:28  SCV  
  149  11:36  Marauder x3  
  149  11:37  Marine x2  
  149  11:38  Marine  
  149  11:39  Marine  
  152  11:48  Viking  
  152  11:51  SCV  
  137  11:55  Viking  
  137  11:57  Marine  
  137  11:58  Marauder, SCV, Marine  
  137  12:00  Viking  
  127  12:02  Marine  
  127  12:03  Marauder x2  
  127  12:05  SCV  
  127  12:06  Liberator  
  116  12:11  Viking, Marine  
  114  12:19  Marauder  
  114  12:21  Marine x3  
  117  12:24  Marauder x2, Enhanced Shockwaves  
  117  12:29  SCV x2, Marine  
  127  12:30  SCV  
  127  12:32  SCV  
  127  12:36  Refinery  
  129  12:37  Refinery  
  129  12:38  Sensor Tower  
  129  12:39  Marine x2  
  129  12:41  SCV  
  132  12:45  Marine  
  132  12:47  Ghost, Viking x2  
  132  12:49  Marine x2  
  141  12:52  Liberator, SCV x3  
  141  12:53  Liberator  
  141  12:55  Ghost  
  147  13:02  Missile Turret  
  147  13:04  Missile Turret  
  147  13:09  Missile Turret  
  147  13:12  Marine x4  
  156  13:13  Ghost  
  158  13:20  Command Center  
  158  13:25  Marine  
  158  13:26  Ghost  
  159  13:30  Viking  
  162  13:34  Marine x2  
  162  13:35  Marine  
  162  13:37  Viking  
  166  13:42  Ghost  
  166  13:43  Liberator  
  166  13:44  Marauder, Liberator  
  166  13:46  Marine  
  171  13:50  Barracks  
  171  13:51  Barracks x2  
  171  13:54  Marine x2  
  173  13:56  Marauder  
  173  13:59  Viking  
  173  14:00  Marine  
  184  14:06  Marine  
  184  14:07  Marauder, Medivac  
  188  14:11  Liberator  
  187  14:20  Marauder, Liberator  
  181  14:24  Marine x2  
  181  14:25  Marauder  
  181  14:26  Liberator  
  167  14:39  Marauder  
  167  14:44  Marine x4  
  167  14:45  Barracks Tech Lab x2, Barracks Reactor  
  157  14:46  Marauder  
  157  14:47  Medivac  
  157  14:50  Ghost  
  160  14:57  Command Center  
  160  15:00  Liberator  
  160  15:01  Marauder  
  160  15:03  Liberator, Ghost  
  160  15:04  Marine  
  160  15:05  Marine  
  166  15:08  Marauder  
  166  15:11  Medivac, Missile Turret  
  170  15:18  Starport  
  176  15:21  Marine x2  
  176  15:22  Marine x2  
  176  15:23  Marauder  
  176  15:26  Marauder  
  176  15:28  Planetary Fortress  
  184  15:34  Refinery  
  184  15:35  Refinery  
  184  15:36  Ghost  
  184  15:40  Marine x3  
  184  15:41  Marauder x2  
  190  15:47  Liberator, Marine x2  
  190  15:48  Liberator  
  191  15:53  SCV  
  188  15:59  SCV  
  188  16:00  SCV  
  188  16:02  Marauder x2  
  200  16:16  Fusion Core  
  200  16:17  Starport Tech Lab  
  200  16:18  Ghost  
  197  16:20  Liberator, Command Center  
  197  16:24  Ghost x2  
  197  16:25  Marine x4  
  190  16:26  Marauder x2  
  190  16:29  Liberator  
  190  16:32  Marine  
  189  16:38  Marine  
  163  16:43  Marine x2  
  163  16:44  Marine  
  163  16:47  Marauder x3  
  163  16:48  Marine  
  163  16:51  Viking x2  
  172  16:57  Marauder x2  
  172  16:58  Orbital Command  
  176  17:03  Advanced Ballistics  
  176  17:10  Terran Infantry Weapons Level 3  
  176  17:12  Marine x2  
  176  17:14  Marauder  
  177  17:19  Medivac  
  173  17:22  Marine  
  173  17:23  Marine x2  
  173  17:26  Liberator x2  
  173  17:28  Viking x2  
  165  17:30  Marine x2  
  165  17:32  Marauder  
  166  17:41  Liberator  
  166  17:42  Marauder  
  170  17:45  Marauder  
  164  17:55  Marine x2  
  164  17:56  Marine  
  164  17:57  Marauder x2  
  142  18:01  Viking  
  142  18:02  Ghost  
  142  18:04  Marine  
  142  18:05  Marine x2  
  141  18:06  Marine  
  143  18:14  Planetary Fortress  
  143  18:15  Marine x3  
  143  18:16  Liberator, Marine  
  147  18:22  Ghost  
  147  18:23  Ghost  
  150  18:35  Marauder  
  150  18:38  Marauder  
  150  18:41  Viking  
  154  18:42  Marine x2  
  154  18:43  Medivac  
  154  18:47  Marine  
  154  18:48  Viking  
  161  18:52  Marine x2  
  161  18:53  Marauder  
  161  18:54  Marine x2  
  137  18:57  Marauder  
  137  18:59  Viking  
  137  19:00  Marine  
  137  19:01  Marine  
  140  19:08  Marine x2  
  140  19:09  Command Center  
  142  19:11  Viking, Missile Turret  
  142  19:14  Ghost  
  146  19:17  Medivac  
  146  19:18  Viking  
  146  19:20  Ghost  
  152  19:25  Marine x2  
  152  19:28  Viking  
  152  19:29  Viking  
  158  19:35  Marine  
  158  19:36  Marauder  
  159  19:40  Marauder, Marine x3  
  159  19:41  Marauder  
Show
View Real Time Build Order
Export as new Build Order

Harstem Protoss - Winner!

Build Orders: 1 Gate Expand, Oracle Opening 

Get SALT Encoding   

  12  0:00  Probe  
  13  0:12  Probe  
  14  0:17  Pylon  
  14  0:24  Probe  
  15  0:32  Probe  
  15  0:37  Gateway  
  15  0:40  Probe  
  16  0:46  Assimilator  
  17  0:51  Probe  
  18  1:03  Probe  
  19  1:15  Probe  
  20  1:23  Nexus  
  20  1:32  Cybernetics Core  
  20  1:34  Probe  
  21  1:41  Assimilator  
  21  1:46  Probe  
  22  1:49  Pylon  
  21  1:58  Probe, Adept  
  22  2:10  Probe  
  25  2:18  Stargate  
  25  2:20  Probe  
  26  2:28  Probe, Adept  
  28  2:33  Warp Gate  
  28  2:35  Probe  
  28  2:37  Probe  
  31  2:47  Probe  
  31  2:49  Probe  
  31  2:50  Oracle  
  33  2:59  Probe  
  33  3:01  Probe  
  38  3:10  Pylon  
  38  3:11  Probe  
  39  3:13  Probe  
  39  3:19  Oracle  
  40  3:23  Probe  
  40  3:25  Probe  
  45  3:36  Probe  
  45  3:37  Probe  
  47  3:45  Nexus  
  47  3:47  Robotics Facility  
  47  3:48  Probe  
  48  3:50  Probe  
  49  4:02  Probe x2  
  51  4:03  Phoenix  
  51  4:06  Gateway  
  51  4:08  Gateway, Pylon  
  51  4:14  Probe  
  54  4:26  Probe x2  
  54  4:27  Assimilator  
  54  4:28  Phoenix  
  54  4:30  Assimilator  
  57  4:38  Probe x2  
  57  4:41  Immortal  
  57  4:44  Stalker  
  56  4:50  Probe  
  60  4:56  Probe  
  61  5:01  Probe  
  61  5:02  Probe  
  63  5:08  Probe  
  63  5:09  Zealot x2  
  63  5:13  Probe  
  69  5:14  Probe  
  69  5:19  Forge  
  69  5:20  Probe  
  71  5:24  Observer  
  71  5:25  Probe  
  71  5:27  Forge, Probe  
  74  5:28  Pylon  
  74  5:33  Probe  
  74  5:34  Probe  
  74  5:35  Probe  
  75  5:41  Pylon  
  75  5:42  Probe  
  77  5:43  Probe  
  77  5:46  Probe, Twilight Council  
  80  5:52  Protoss Ground Armor Level 1, Probe  
  80  5:53  Probe  
  80  5:54  Pylon  
  80  5:55  Sentry  
  84  5:58  Probe  
  84  6:00  Protoss Ground Weapons Level 1  
  85  6:04  Gateway  
  85  6:05  Gateway  
  85  6:06  Gateway  
  85  6:07  Sentry  
  85  6:09  Stalker  
  85  6:10  Immortal  
  89  6:16  Probe  
  92  6:20  Shield Battery, Pylon  
  92  6:26  Stalker  
  92  6:28  Assimilator  
  91  6:32  Sentry, Stalker  
  91  6:33  Pylon  
  91  6:36  Shield Battery, Assimilator  
  91  6:39  Probe  
  92  6:49  Stalker  
  92  6:50  Probe  
  94  6:56  Stalker x2  
  94  6:58  Probe x2  
  98  7:02  Probe, Charge  
  98  7:04  Stalker x2  
  98  7:05  Stalker  
  99  7:10  Probe x2  
  99  7:12  Immortal  
  99  7:14  Probe  
  102  7:19  Zealot  
  102  7:20  Zealot x2  
  102  7:22  Probe  
  113  7:24  Probe  
  113  7:29  Stalker  
  116  7:36  Probe  
  107  7:38  Stalker x2  
  107  7:42  Warp Prism  
  107  7:43  Robotics Bay  
  105  7:52  Photon Cannon  
  105  7:53  Sentry  
  105  7:54  Zealot x3  
  105  7:57  Pylon  
  105  7:58  Protoss Ground Armor Level 2  
  115  8:03  Pylon  
  115  8:05  Zealot  
  117  8:12  Protoss Ground Weapons Level 2  
  117  8:16  Zealot x3  
  119  8:24  Zealot x2  
  123  8:28  Colossus  
  118  8:36  Stalker x2  
  118  8:38  Extended Thermal Lance  
  128  8:46  Pylon  
  128  8:47  Pylon  
  128  8:53  Pylon  
  128  8:56  Pylon  
  128  8:57  Pylon  
  124  9:04  Zealot  
  124  9:05  Zealot  
  114  9:10  Zealot x3  
  114  9:13  Colossus  
  104  9:17  Zealot  
  100  9:25  Zealot  
  100  9:26  Zealot  
  100  9:28  Blink  
  98  9:36  Gateway  
  98  9:38  Photon Cannon, Gateway  
  98  9:45  Zealot x2, Sentry  
  100  9:46  Zealot x3  
  110  10:04  Colossus, Oracle  
  109  10:07  Zealot x5  
  127  10:17  Pylon, Protoss Ground Armor Level 3  
  125  10:28  Nexus  
  125  10:32  Zealot x2, Stalker x3  
  125  10:33  Zealot  
  129  10:48  Stalker  
  129  10:49  Colossus  
  121  10:52  Templar Archives, Probe  
  121  10:54  Protoss Ground Weapons Level 3  
  121  10:57  Probe  
  119  11:07  Zealot x2  
  119  11:08  Zealot x2  
  119  11:10  Probe  
  135  11:13  Probe  
  135  11:14  Pylon  
  135  11:20  Probe  
  134  11:32  High Templar x4  
  142  11:33  Zealot x2, High Templar x2  
  142  11:37  Archon x3  
  150  11:40  Shield Battery  
  150  11:41  Pylon  
  146  11:48  Probe  
  131  11:54  Shield Battery  
  131  11:55  Zealot  
  131  11:56  Zealot  
  113  12:04  Stalker x2  
  113  12:05  Colossus, Stalker x3  
  101  12:22  High Templar x2, Sentry  
  109  12:24  Probe  
  109  12:25  Assimilator  
  109  12:29  Psionic Storm  
  112  12:30  Gateway, Archon, Assimilator  
  112  12:31  Gateway  
  112  12:33  Zealot x4  
  112  12:34  Pylon  
  120  12:47  High Templar  
  120  12:48  Zealot  
  120  12:49  Warp Prism  
  120  12:51  Probe  
  125  12:53  Pylon  
  125  12:58  Protoss Shields Level 1  
  125  13:00  Gravitic Drive  
  125  13:02  High Templar  
  129  13:06  Pylon  
  129  13:07  Stalker  
  129  13:08  Zealot x2  
  129  13:10  High Templar  
  137  13:21  Immortal  
  137  13:25  Nexus  
  141  13:31  Stalker x3  
  145  13:41  Zealot x3  
  145  13:42  Zealot  
  145  13:48  Oracle  
  151  13:49  High Templar x2  
  151  13:52  Pylon  
  155  14:08  Stalker x3  
  155  14:09  High Templar x2  
  163  14:10  Zealot x3  
  163  14:15  Archon  
  169  14:17  Immortal  
  165  14:29  Zealot x2  
  159  14:32  Zealot x4  
  157  14:43  Zealot x2  
  157  14:44  Zealot x2  
  145  14:49  Warp Prism  
  135  14:54  Probe  
  136  15:04  High Templar x2  
  136  15:05  Zealot x3, Sentry  
  136  15:06  Stalker  
  152  15:07  High Templar  
  152  15:08  High Templar  
  156  15:14  Archon  
  156  15:16  Protoss Shields Level 2  
  156  15:19  Warp Prism  
  156  15:26  Stalker x2  
  162  15:45  Colossus  
  158  15:56  Probe  
  161  15:59  Robotics Facility  
  161  16:00  Zealot  
  161  16:01  Zealot x9  
  161  16:03  Robotics Facility  
  162  16:12  Probe  
  162  16:13  Probe  
  162  16:16  Photon Cannon  
  162  16:19  Assimilator  
  162  16:22  Pylon  
  156  16:30  Zealot x6  
  152  16:37  Archon  
  152  16:38  Zealot x4  
  120  16:51  High Templar  
  120  16:52  High Templar x3  
  120  16:53  High Templar x2  
  130  17:00  Archon  
  130  17:01  High Templar x4  
  138  17:09  Archon x2  
  138  17:11  Probe x3  
  138  17:14  Colossus  
  138  17:15  Colossus  
  144  17:18  Archon  
  148  17:23  Immortal  
  148  17:24  Zealot x4  
  142  17:32  Zealot x2  
  144  17:38  Zealot x4  
  148  17:48  Archon  
  148  17:50  Stalker x4  
  154  17:57  Probe  
  145  18:02  Stalker x5  
  145  18:03  High Templar  
  155  18:07  Warp Prism  
  157  18:13  Probe, Assimilator  
  157  18:16  Zealot x2  
  157  18:17  Warp Prism, Zealot x2  
  168  18:30  High Templar x4  
  168  18:31  Warp Prism  
  172  18:42  Stalker x3  
  172  18:43  Stalker x2  
  148  18:59  Stalker  
  148  19:16  High Templar x4  
  148  19:17  Zealot x2  
  158  19:20  Archon x2, Nexus  
  160  19:26  Zealot x2  
  160  19:27  Zealot x2  
  157  19:51  Stalker x3  
  157  19:52  Stalker x6  
  157  19:58  Zealot  
  153  20:05  Archon x2  
Tags
 
Add a new tag
Caveats
  • Supply blocks, unpowered buildings, or Contaminate may cause inaccurate times.
  • Supply counts are checked every 10 seconds.